 Dungeon Crawl Stone Soup version 0.32-a0-42-ga30500b4d3 (webtiles) character file.

Game seed: 9443515587543539383

2801 kae the Mimic (level 9, -3/61 HPs)
             Began as a Demonspawn Shapeshifter on Jan 30, 2024.
             Was an Initiate of Wu Jian.
             Slain by a sky beast (5 damage)
             ... on level 7 of the Dungeon.
             The game lasted 00:04:57 (6048 turns).

kae the Mimic (Demonspawn Shapeshifter)             Turns: 6048, Time: 00:04:58

Health: -3/61      AC:  4    Str: 14    XL:     9   Next: 44%
Magic:  0/9        EV: 12    Int: 11    God:    Wu Jian [......]
Gold:   228        SH:  4    Dex: 17    Spells: 8/8 levels left

rFire   . .          .
                       - Unarmed
rCold   + . .        (no shield)
rNeg    . . .        a - +0 animal skin
rPois   .            (helmet currently unavailable)
rElec   .            (cloak currently unavailable)
rCorr   .            (gloves currently unavailable)
SInv    .            (boots currently unavailable)
Will    .....        G - amulet of guardian spirit
Stlth   ++           C - ring of protection from cold
HPRegen 0.30/turn    (no ring)
MPRegen 0.22/turn

%: guardian spirit
@: brilliant, beast-form
A: beast (slay +4), horns 1, slimy green scales 1, magic regeneration,
condensation shield
a: Begin Untransformation, Renounce Religion


You were on level 7 of the Dungeon.
You worshipped Wu Jian.
Wu Jian was noncommittal.
You were a hulking beast.
You visited 2 branches of the dungeon, and saw 8 of its levels.

You collected 228 gold pieces.


Innate Abilities, Weirdness & Mutations

You are a hulking beast.
Your limbs bulge with bestial killing power. (Slay +4)
You have a pair of small horns on your head.
You are partially covered in slimy green scales. (AC +2)
You regenerate magic rapidly.
A meltable shield of frost defends you. (SH +4)


   Skills:
 - Level 2.0 Fighting
 - Level 1.7 Dodging
 + Level 7.4 Unarmed Combat
 * Level 9.3 Shapeshifting


You had 8 spell levels left.
You didn't know any spells.
Your spell library contained the following spells:

 Spells                   Type           Power      Damage    Failure   Level
 Apportation              Tloc           0%         N/A       34%         1
 Necrotise                Necr           0%         1d4       34%         1
 Sting                    Conj/Alch      0%         1d3       34%         1
 Summon Small Mammal      Summ           0%         N/A       34%         1

Inventory:

Missiles
 e - 57 stones (quivered)
 g - 10 poisoned darts
 o - 4 boomerangs
Armour
 a - a +0 animal skin (worn)
Jewellery
 C - a ring of protection from cold (left hand)
   (You found it on level 4 of the Dungeon)
 G - an amulet of guardian spirit (around neck)
   (You found it on level 1 of the Dungeon)
Talismans
 c - a beast talisman (active)
 d - a flux talisman
Wands
 h - a wand of paralysis (14)
   (You found it on level 5 of the Dungeon)
 k - a wand of polymorph (7)
   (You took it off Pikel on level 5 of the Dungeon)
Scrolls
 j - 3 scrolls of fog
 m - a scroll of fear
 q - a scroll of teleportation {@r4}
 r - a scroll of immolation {!r!r}
Potions
 f - a potion of brilliance
 i - 3 potions of curing {@q1}
 l - 2 potions of might {unknown}
 n - 3 potions of attraction {!q}

Dungeon Overview and Level Annotations

Branches:
Dungeon (7/15) Zot: 26925  Temple (1/1) D:6 Zot: 5977

Altars:
Ashenzari
Cheibriados
Dithmenos
Gozag
Kikubaaqudgha
Makhleb
Nemelex Xobeh
Okawaru
Qazlal
Sif Muna
Trog
Uskayaw
Vehumet
Wu Jian

Shops:
D:4 [((=   D:6 [

Annotations:
D:4 1 runed translucent door, wooly's ghost, amateur DjFE
D:6 1 exclusion

#.... #.#.#
##.#.#
#####..#.#
#...Oo..y#
#.###5##..y.y..
#.# #o# ..y..y.
##.###)#
......#
##.#.##h#
#.###.#
#<###.#5# .# #
#..#>##.# .#
#.#.##..# .#
#.### 5## #.#
#. #.# #. #.#
#. #.#


You could see an ogre, an orc priest, 2 crimson imps, a shadow imp and an orc.


Message History

You closely miss the hound.
You hear a shout!
The hound bites you but does no damage.
You barely miss the hound. The hound bites you but does no damage.
The orc priest miscasts a cantrip.
A crimson imp comes into view. 😨 HP[+1]
You pummel the hound!!
You kill the hound!
The Council accepts your kill.
The orc priest calls down the wrath of Beogh upon you.
Beogh smites you!
* * * LOW HITPOINT WARNING * * *
😨 HP[-13] MP[-2]
You take 13 damage, and now have 28/91 hp.
You lost 2 mp, and now have 4/9 mp.
You hit the orc. You hit the orc.
You kill the orc!
The Council accepts your kill. The shadow imp spits at you.
A sky beast comes into view. 😨 MP[+1]
You cannot move.
You cannot move.
You cannot move.
You cannot move.
You cannot move.
You barely miss something.
Your transformation is almost over.
Something hits you but does no damage. 😨 HP[+1]
You barely miss something. Something hits you but does no damage.
The crimson imp disappears for a moment.
You hit something.
The sky beast flickers out of sight!
Something hits you but does no damage.
You barely miss something.
You hear some strange, mumbled words.
Something tries to affect you, but you resist. 😨 HP[+1]
You smack something!
The Council accepts your kill.
Reactivating autopickup.
You feel a bit more experienced.
You swing at nothing.
A crimson imp comes into view. 😨 MP[+1]
You miss the crimson imp.
The crimson imp lashes its tail.
The crimson imp hits you with a +2 dagger of chaos.
* * * LOW HITPOINT WARNING * * *
😨 HP[-3]
You take 3 damage, and now have 27/91 hp.
You closely miss the crimson imp. You punch the crimson imp.
The crimson imp blinks!
An ogre comes into view. It is wielding a +0 giant club.
The crimson imp shouts, "Give up, thou fobbing dismal-dreaming swadder!"
The crimson imp hits you with a +2 dagger of chaos.
* * * LOW HITPOINT WARNING * * *
You convulse. 😨 HP[-4] MP[-1]
You take 4 damage, and now have 23/91 hp.
You lost 1 mp, and now have 5/9 mp.
You pummel the crimson imp!!
You kill the crimson imp!
The Council accepts your kill.
You cannot move.
Something hits you.
* * * LOW HITPOINT WARNING * * *
Something shocks you.
* * * LOW HITPOINT WARNING * * *
Deactivating autopickup; reactivate with Ctrl-A. 😱 HP[-5] MP[-1]
You take 5 damage, and now have 18/91 hp.
You lost 1 mp, and now have 4/9 mp.
You smack the crimson imp!
The crimson imp hits you.
* * * LOW HITPOINT WARNING * * *
Something hits you but does no damage.
The orc priest invokes the aid of Beogh against you.
Beogh smites you!
* * * LOW HITPOINT WARNING * * *
You hear a shout! x2 😱 HP[-11] MP[-2]
You take 11 damage, and now have 7/91 hp.
You lost 2 mp, and now have 2/9 mp.
You closely miss the crimson imp.
You punch the crimson imp, but do no damage.
The crimson imp shouts, "Return whence thou came, thou villainous two-tin-hat canker-blossom!"
Something hits you but does no damage. The crimson imp hits you.
* * * LOW HITPOINT WARNING * * *
😱 HP[-2] MP[-1]
You take 2 damage, and now have 5/91 hp.
You lost 1 mp, and now have 1/9 mp.
It was a potion of brilliance.
You feel clever all of a sudden.
You feel less wooden.
Your +0 animal skin unmelds from your body.
You turn into a hulking beast.
The crimson imp blinks!
Something hits you.
* * * LOW HITPOINT WARNING * * *
Something shocks you.
You die...

Skill      XL: |  1  2  3  4  5  6  7  8  9 |
---------------+----------------------------+-----
Shapeshifting  | 3 5 6 8 9 |  9.3
Unarmed Combat | 3 4 5 6 7 |  7.4
Fighting       | 2 |  2.0
Dodging        | |  1.7

Action                     |  1- 3 |  4- 6 |  7- 9 || total
---------------------------+-------+-------+-------++-------
  Melee: Unarmed           |   118 |    15 |   303 ||   436
         Headbutt          |    14 |       |    69 ||    83
         Punch             |     3 |       |    10 ||    13
Ability: Lunge             |       |       |     5 ||     5
  Evoke: Wand              |       |       |     2 ||     2
    Use: Scroll            |       |     6 |     4 ||    10
         Potion            |       |       |     2 ||     2
   Stab: Sleeping          |     2 |       |     5 ||     7
         Distracted        |     1 |       |       ||     1
         Paralysed         |       |       |     8 ||     8
 Armour: Animal skin       |    57 |       |   119 ||   176
         Skin              |       |    23 |    56 ||    79
  Dodge: Dodged            |    64 |       |   116 ||   180
  Block: Other             |       |       |    11 ||    11
   Form: Beast             |       |       |     1 ||     1

Levels and vault maps discovered:
D:1:      beargit_arrival_greenhouse, layout_basic,
          shapermc_ecumenical_altar_petra, columned_hall_lemuel,
          minmay_misc_feat_hallway
D:2:      layout_basic, serial_undead, serial_undead_a, serial_undead_b,
          serial_undead_d, serial_undead_a, serial_undead_a, serial_undead_a,
          grunt_ministairs_15
D:3:      layout_basic, uniq_jessica, uniq_robin, uniq_terence
D:4:      layout_rooms, ebering_ghost_inner_flame, minmay_shop_grid_forest,
          uniq_menkaure
D:5:      layout_loops_corners, nicolae_sif_muna_condensation,
          mainiacjoe_overflow_surrounded_room, uniq_pikel
D:6:      layout_cave_pools, tgw_trog, minmay_temple_entry_proselytizer,
          serial_shops, shop, minmay_mini_ossuary, uniq_eustachio, uniq_jeremiah
D:7:      layout_loops_ring, fedhas_bush_and_centaur_altar, led_xom_imps,
          gammafunk_ghost_grave
Temple:   hellmonk_temple_flake

Notes
Turn   | Place    | Note
-------+----------+-------------------------------------------
     0 | D:1      | kae the Demonspawn Shapeshifter began the quest for the
                  | Orb.
     0 | D:1      | Reached XP level 1. HP: 15/15 MP: 1/1
     0 | D:1      | magus.rc [v1.11.3]
   289 | D:1      | Gained mutation: You have a pair of small horns on your
                  | head. [demonic ancestry]
   289 | D:1      | Reached XP level 2. HP: 21/21 MP: 2/2
   458 | D:1      | Reached skill level 3 in Shapeshifting
   740 | D:1      | Reached skill level 3 in Unarmed Combat
  1054 | D:1      | Found a faded altar of an unknown god.
  1201 | D:2      | Gained mutation: You are partially covered in slimy green
                  | scales. (AC +2) [demonic ancestry]
  1201 | D:2      | Reached XP level 3. HP: 12/27 MP: 0/3
  1570 | D:2      | Reached skill level 2 in Fighting
  1817 | D:2      | Reached XP level 4. HP: 30/33 MP: 4/4
  1983 | D:3      | You fall into a shaft and drop 2 floors!
  1983 | D:5      | Entered Level 5 of the Dungeon
  2056 | D:5      | Noticed Pikel
  2058 | D:5      | Noticed a lemure
  2060 | D:5      | Noticed a lemure
  2061 | D:5      | Noticed a lemure
  2062 | D:5      | Noticed a lemure
  2078 | D:5      | Killed Pikel
  2079 | D:5      | Reached skill level 4 in Unarmed Combat
  2079 | D:5      | Reached skill level 5 in Shapeshifting
  2079 | D:5      | Reached XP level 5. HP: 27/38 MP: 2/5
  2079 | D:5      | Gained mutation: You regenerate magic rapidly. [demonic
                  | ancestry]
  2079 | D:5      | Reached XP level 6. HP: 32/44 MP: 2/6
  2079 | D:5      | Reached XP level 7. HP: 36/50 MP: 2/7
  2513 | D:3      | Noticed Jessica
  2519 | D:3      | Killed Jessica
  2657 | D:3      | Noticed Terence
  2664 | D:3      | Killed Terence
  2665 | D:3      | Reached skill level 5 in Unarmed Combat
  2665 | D:3      | Reached skill level 6 in Shapeshifting
  2868 | D:3      | Noticed Robin
  2880 | D:3      | Killed Robin
  3215 | D:4      | Found a runed translucent door.
  3215 | D:4      | Noticed wooly's ghost (amateur DjFE)
  3215 | D:4      | Noticed a wyvern
  3437 | D:4      | Noticed Menkaure
  3471 | D:4      | You pick up a book of Cantrips and begin reading...
  3471 | D:4      | You add the spells Sting, Necrotise, Summon Small Mammal
                  | and Apportation to your library.
  3474 | D:4      | Found Jamashrau's Antique Weapon Shop.
  3486 | D:4      | Killed Menkaure
  3487 | D:4      | Found Niexzefa's Jewellery Shop.
  3487 | D:4      | Found Wamparuige's Antique Armour Shop.
  3494 | D:4      | Found Qiekla's Weapon Shop.
  3965 | D:5      | Found a hide-covered altar of Uskayaw.
  4038 | D:5      | Found a shimmering blue altar of Sif Muna.
  4074 | D:5      | Reached XP level 8. HP: 40/56 MP: 8/8
  4197 | D:5      | Reached skill level 7 in Shapeshifting
  4715 | D:6      | Reached skill level 6 in Unarmed Combat
  4780 | D:6      | Noticed Eustachio
  4791 | D:6      | Killed Eustachio
  4998 | D:6      | Identified the +3 scimitar of Joyful Slaughter {protect,
                  | Int+5 Dex+7 Stlth-}
  5075 | D:6      | Reached skill level 8 in Shapeshifting
  5171 | D:6      | Found a staircase to the Ecumenical Temple.
  5216 | Temple   | Entered the Ecumenical Temple
  5227 | Temple   | Became a worshipper of the Wu Jian Council
  5320 | D:6      | Found Gixoebir's Antique Armour Boutique.
  5355 | D:6      | Noticed a moth of wrath
  5358 | D:6      | Found a bloodstained altar of Trog.
  5358 | D:6      | Noticed Jeremiah
  5407 | D:6      | HP: 9/48 [Jeremiah/+2 trident of draining (8)]
  5408 | D:6      | HP: 3/45 [Jeremiah/+2 trident of draining (2)]
  5410 | D:6      | Killed Jeremiah
  5411 | D:6      | Gained mutation: A meltable shield of frost defends you.
                  | (SH +4) [demonic ancestry]
  5411 | D:6      | Reached XP level 9. HP: 4/61 MP: 1/9
  5986 | D:7      | Reached skill level 7 in Unarmed Combat
  6012 | D:7      | Reached skill level 9 in Shapeshifting
  6045 | D:7      | HP: 22/91 [something (1)]
  6046 | D:7      | HP: 7/91 [orc priest/divine providence (10)]
  6048 | D:7      | HP: 2/61 [something (2)]
  6048 | D:7      | Slain by a sky beast

Vanquished Creatures
  Pikel (D:5)
  Jeremiah (D:6)
  Eustachio (D:6)
  Menkaure (D:4)
  A water moccasin (D:7)
  2 ice beasts
  A black bear (D:7)
  A phantom (D:6)
  2 bullfrogs
  3 scorpions
  2 wights (D:6)
  5 killer bees (D:7)
  A crimson imp (D:7)
  2 jellies (D:4)
  3 hounds
  2 orc priests
  A bombardier beetle (D:4)
  A gnoll bouda (D:5)
  A sleepcap (D:6)
  Jessica (D:3)
  Terence (D:3)
  3 iguanas
  An orc wizard (D:7)
  A hound zombie (D:2)
  A mummy (D:6)
  Robin (D:3)
  3 adders
  6 gnolls
  A white imp (D:7)
  2 ribbon worms
  23 orcs
  3 ball pythons
  4 bats
  A bat zombie (D:2)
  8 endoplasms
  2 giant cockroaches (D:3)
  11 goblins
  10 hobgoblins
  3 jackals (D:1)
  3 quokkas
  A ball python zombie (D:2)
  2 frilled lizards (D:3)
  2 jackal skeletons (D:2)
  6 kobolds
  4 orc zombies (D:6)
  5 rats
141 creatures vanquished.

Table legend:
 A = Non-vault XP
 B = Vault XP
 C = Vault XP percentage of total XP
 D = Non-vault monster count
 E = Vault monster count
 F = Vault count percentage of total count
                 A         B        C        D         E       F
            +---------+---------+-------+---------+---------+-------
      Total |    2341 |    1661 |  41.5 |     109 |      32 |  22.7
            +---------+---------+-------+---------+---------+-------
        D:1 |      28 |       0 |   0.0 |      16 |       0 |   0.0
        D:2 |      38 |      31 |  44.9 |      12 |       7 |  36.8
        D:3 |      59 |     100 |  62.9 |      13 |       9 |  40.9
        D:4 |     248 |     157 |  38.8 |      17 |       1 |   5.6
        D:5 |     479 |     673 |  58.4 |      16 |       1 |   5.9
        D:6 |     605 |     654 |  51.9 |      21 |      13 |  38.2
        D:7 |     884 |      46 |   4.9 |      14 |       1 |   6.7
            +---------+---------+-------+---------+---------+-------

Skill      XL: |  1  2  3  4  5  6  7  8  9 |
---------------+----------------------------+-----
Shapeshifting  | 3 5 6 8 9 |  9.3
Unarmed Combat | 3 4 5 6 7 |  7.4
Fighting       | 2 |  2.0
Dodging        | |  1.7

Action                     |  1- 3 |  4- 6 |  7- 9 || total
---------------------------+-------+-------+-------++-------
  Melee: Unarmed           |   118 |    15 |   303 ||   436
         Headbutt          |    14 |       |    69 ||    83
         Punch             |     3 |       |    10 ||    13
Ability: Lunge             |       |       |     5 ||     5
  Evoke: Wand              |       |       |     2 ||     2
    Use: Scroll            |       |     6 |     4 ||    10
         Potion            |       |       |     2 ||     2
   Stab: Sleeping          |     2 |       |     5 ||     7
         Distracted        |     1 |       |       ||     1
         Paralysed         |       |       |     8 ||     8
 Armour: Animal skin       |    57 |       |   119 ||   176
         Skin              |       |    23 |    56 ||    79
  Dodge: Dodged            |    64 |       |   116 ||   180
  Block: Other             |       |       |    11 ||    11
   Form: Beast             |       |       |     1 ||     1

Illustrated notes

Table legend:
 A = Kills in this place as a percentage of kills in the entire game.
 B = Kills by you in this place as a percentage of kills by you in the entire game.
 C = Kills by friends in this place as a percentage of kills by friends in the entire game.
 D = Other kills in this place as a percentage of other kills in the entire game.
 E = Experience gained in this place as a percentage of experience gained in the entire game.
 F = Experience gained in this place divided by the number of levels of this place that you have seen.
                   A       B       C       D       E      F
               +-------+-------+-------+-------+-------+----------------------
         Total | 100.0 | 100.0 |   N/A |   N/A | 100.0 | 500.2
       Dungeon | 100.0 | 100.0 |   N/A |   N/A | 100.0 | 571.7
               +-------+-------+-------+-------+-------+----------------------

Table legend: (Time is in decaauts)
 A = Elapsed time spent in this place.
 B = Non-inter-level travel time spent in this place.
 C = Inter-level travel time spent in this place.
 D = Time resting spent in this place.
 E = Time spent auto-exploring this place.
 F = Levels seen in this place.
 G = Mean time per level.
                   A        B        C        D        E       F      G
               +--------+--------+--------+--------+--------+-----+--------+
         Total |   6010 |   5774 |    236 |    241 |   4513 |   8 |  751.2 |
       Dungeon |   5987 |   5763 |    224 |    241 |   4513 |   7 |  855.3 |
        Temple |     22 |     11 |     11 |      0 |      0 |   1 |   22.0 |
               +--------+--------+--------+--------+--------+-----+--------+

Top non-repeatable levels by time:
     D:5: 1385 daAuts
     D:6: 1149 daAuts
     D:1: 1085 daAuts
     D:2: 876 daAuts
     D:3: 717 daAuts
     D:4: 699 daAuts
     D:7: 73 daAuts
  Temple: 22 daAuts
